 Dungeon Crawl Stone Soup version 0.30-a0-760-g5a9884bb7c (webtiles) character file.

Game seed: 9910979553185688240

7401 Crownlay the Destroyer (level 11, -5/77 HPs)
             Began as a Hill Orc Fire Elementalist on Feb 11, 2023.
             Was an Initiate of Gozag.
             Slain by a shadow (22 damage)
             ... on level 10 of the Dungeon.
             The game lasted 00:28:18 (14121 turns).

Crownlay the Destroyer (HOFE)                      Turns: 14121, Time: 00:28:18

Health: -5/77      AC:  5    Str: 12    XL:     11   Next: 14%
Magic:  0/17       EV: 11    Int: 19    God:    Gozag
Gold:   488        SH:  0    Dex: 11    Spells: 12/18 levels left

rFire   + . .      SeeInvis .    B - +2 whip (elec)
rCold   + . .      Faith    .    (no shield)
rNeg    . . .      Spirit   +    s - +1 leather armour {Will+}
rPois   .          Reflect  .    (no helmet)
rElec   .          Harm     .    (no cloak)
rCorr   .          Rampage  .    l - +0 pair of gloves
Will    +....                    (no boots)
Stlth   +                        h - amulet of guardian spirit
HPRegen 0.32/turn                c - ring of protection from cold
MPRegen 0.15/turn                x - ring of protection from fire

@: no status effects
A: no striking features
a: Renounce Religion, Potion Petition, Call Merchant, Bribe Branch


You were on level 10 of the Dungeon.
You worshipped Gozag.
Gozag was aware of your devotion.
You visited 1 branch of the dungeon, and saw 10 of its levels.
You also visited: Sewer.

You collected 1763 gold pieces.
You paid 1275 gold pieces to Gozag.

Inventory:

Hand Weapons
 B - a +2 whip of electrocution (weapon)
Armour
 l - a +0 pair of gloves (worn)
 s - a +1 leather armour of willpower (worn)
Jewellery
 c - a ring of protection from cold (left hand)
 h - an amulet of guardian spirit (around neck)
 x - a ring of protection from fire (right hand)
Wands
 t - a wand of polymorph (4)
Scrolls
 d - 3 scrolls of blinking
 f - a scroll of poison
 j - 2 scrolls of noise {unknown}
 k - 4 scrolls of immolation
 m - 3 scrolls of vulnerability
 n - a scroll of acquirement {unknown}
 o - a scroll of silence {unknown}
 p - 3 scrolls of teleportation
 q - 5 scrolls of fog
 u - a scroll of enchant weapon {unknown}
 y - a scroll of amnesia {unknown}
 z - a scroll of magic mapping {unknown}
 C - a scroll of enchant armour {unknown}
Potions
 a - a potion of brilliance {unknown}
 b - 2 potions of invisibility {unknown}
 e - a potion of curing
 g - 8 potions of flight
 i - 2 potions of cancellation {unknown}
 r - 3 potions of heal wounds {unknown}
 v - 2 potions of haste {unknown}
 w - 2 potions of resistance {unknown}
 A - a potion of experience {unknown}


   Skills:
 + Level 1.3 Fighting
 - Level 1.5 Dodging
 - Level 1.5 Stealth
 + Level 4.1 Spellcasting
 * Level 11.0 Conjurations
 + Level 7.9 Summonings
 - Level 10.0 Fire Magic


You had 12 spell levels left.
You knew the following spells:

 Your Spells              Type           Power      Damage    Failure   Level
a - Foxfire               Conj/Fire      100%       2x1d9     1%          1
b - Scorch                Fire           82%        2d9       1%          2
c - Inner Flame           Hex/Fire       22%        N/A       7%          3

Your spell library contained the following spells:

 Spells                   Type           Power      Damage    Failure   Level
 Magic Dart               Conj           100%       1d8       1%          1
 Searing Ray              Conj           92%        2d7       1%          2
 Flame Wave               Conj/Fire      43%        2d11      2%          4
 Summon Guardian Golem    Hex/Summ       19%        N/A       10%         3
 Kindle Blastsparks       Fire/Tloc/Air  32%        2d12      13%         3
 Fulminant Prism          Conj/Hex       12%        3d8       19%         4
 Orb of Destruction       Conj           23%        9d8       83%         7
 Spellforged Servitor     Conj/Summ      20%        N/A       96%         7


Dungeon Overview and Level Annotations

Branches:
Dungeon (10/15)            Temple (0/1) D:5            Lair (0/5) D:8
  Sewer (visited)
    Orc: D:9-12

Altars:
Dithmenos
Fedhas
Gozag
Hepliaklqana
Nemelex Xobeh
Okawaru
Ru
Wu Jian
Xom
Yredelemnul

Annotations:
D:7 3 runed translucent doors, mopl's ghost, novice VSBr


Message History

Reactivating autopickup.
You conjure some foxfire!
The shadow strikes at you from the darkness!
The shadow barely misses you.
You conjure some foxfire!
The foxfire hits the shadow.
The shadow is lightly damaged.
A shadow comes into view.
The shadow hits you. x2
You conjure some foxfire!
The shadow is no longer more vulnerable to fire.
The foxfire hits the shadow!
The shadow is heavily damaged.
The foxfire hits the shadow.
The shadow is severely damaged.
The foxfire hits the shadow.
The shadow is severely damaged.
The shadow closely misses you.
The shadow is distracted by your dazzling golden aura.
You are out of magic!
You are out of magic!
You closely miss the shadow.
The shadow is severely damaged.
The foxfire hits the shadow.
The shadow is almost destroyed.
The shadow slips into darkness.
The shadow flickers and vanishes!
Deactivating autopickup; reactivate with Ctrl-A.
The shadow hits you.
You hit the shadow. Lightning courses through the shadow!!
You destroy the shadow!
The shadow is no longer distracted by gold.
The shadow slips into darkness.
The shadow flickers and vanishes!
The shadow strikes at you from the darkness!
* * * LOW HITPOINT WARNING * * *
Reactivating autopickup.
The shadow attacks as you move away! The shadow misses you.
The shadow strikes at you from the darkness!
You die...
Your body crumbles into a pile of gold.

#.....# #.....# #.....#
#.....# #...#.# #...#.#
#.....# #....W# #....@#
#.....#### #.........#
#.#######.# #.# #.# #.#
#.# ###.## #.#
#....######.#
#...8.......###########.


You could see a shadow.

Vanquished Creatures
  Gastronok (D:9)
  Pikel (D:7)
  2 centaur zombies (D:10)
  3 shadows (D:10)
  6 yaks (D:9)
  Eustachio (D:5)
  Menkaure (D:5)
  A steam dragon (D:7)
  3 water moccasins
  A black bear (D:6)
  2 ice beasts
  2 sky beasts (D:7)
  5 orc warriors
  An ogre (D:6)
  A lemure (D:7)
  A bullfrog (D:7)
  Blork the orc (D:5)
  3 necrophages
  A kobold brigand (D:9)
  2 scorpions
  11 wights
  5 hounds
  2 jellies
  A gnoll bouda (D:6)
  7 orc priests
  9 orc wizards
  2 iguanas
  A howler monkey zombie (D:10)
  5 gnolls (D:6)
  11 adders
  5 river rats (Sewer)
  3 shadow imps
  2 white imps
  An ufetubus (D:7)
  5 worms
  3 dart slugs
  36 orcs
  5 endoplasms
  13 giant cockroaches
  8 goblins
  6 hobgoblins
  10 jackals
  14 kobolds
  5 quokkas
  8 ball pythons
  15 bats
  5 frilled lizards
  5 rats
242 creatures vanquished.

Vanquished Creatures (others)
  950 foxfires
950 creatures vanquished.

Grand Total: 1192 creatures vanquished

Notes
Turn   | Place    | Note
-------+----------+-------------------------------------------
     0 | D:1      | Crownlay the Hill Orc Fire Elementalist began the quest for
                  | the Orb.
     0 | D:1      | Reached XP level 1. HP: 14/14 MP: 3/3
   268 | D:1      | Reached XP level 2. HP: 20/20 MP: 2/4
   271 | D:1      | Learned a level 2 spell: Scorch
   377 | D:1      | You fall into a shaft and drop 1 floor!
   793 | D:1      | Reached skill level 2 in Conjurations
   852 | D:1      | Reached XP level 3. HP: 26/26 MP: 2/5
  2455 | D:3      | Reached XP level 4. HP: 18/33 MP: 0/6
  2938 | D:3      | Reached skill level 3 in Conjurations
  3370 | D:4      | Noticed an ice beast
  3375 | D:4      | Killed an ice beast
  3376 | D:4      | Reached skill level 5 in Fire Magic
  3376 | D:4      | Reached XP level 5. HP: 38/38 MP: 3/7
  3380 | D:4      | Learned a level 3 spell: Inner Flame
  3435 | D:4      | Reached skill level 4 in Conjurations
  3435 | D:4      | Reached XP level 6. HP: 41/45 MP: 2/8
  3915 | D:4      | Found an opulent altar of Gozag.
  3921 | D:4      | Became a worshipper of Gozag Ym Sagoz the Greedy
  4045 | D:5      | Entered Level 5 of the Dungeon
  4107 | D:5      | Noticed Blork the orc
  4114 | D:5      | Killed Blork the orc
  4115 | D:5      | Reached skill level 1 in Summonings
  4115 | D:5      | Reached XP level 7. HP: 50/50 MP: 3/9
  4281 | D:5      | Found a basalt altar of Yredelemnul.
  4415 | D:5      | Found a blossoming altar of Fedhas.
  4476 | D:5      | Reached skill level 5 in Conjurations
  4623 | D:5      | Found a hazy altar of Hepliaklqana.
  4672 | D:5      | Noticed Eustachio
  4677 | D:5      | Killed Eustachio
  4831 | D:5      | Found a staircase to the Ecumenical Temple.
  5024 | D:5      | Noticed Menkaure
  5035 | D:5      | Killed Menkaure
  5338 | D:5      | Reached XP level 8. HP: 50/57 MP: 7/10
  5545 | D:6      | Found a glowing drain.
  5578 | Sewer    | Entered a sewer
  6172 | Sewer    | Reached skill level 6 in Conjurations
  7482 | D:6      | Reached skill level 5 in Summonings
  7800 | D:6      | Found an ornate altar of the Wu Jian Council.
  7868 | D:6      | Reached skill level 7 in Conjurations
  7868 | D:6      | Reached XP level 9. HP: 62/62 MP: 6/11
  9006 | D:7      | Noticed mopl's ghost (novice VSBr)
  9123 | D:7      | Found a runed translucent gate.
  9193 | D:7      | Found a runed translucent gate.
  9195 | D:7      | Found a runed translucent gate.
  9221 | D:7      | Noticed Pikel
  9550 | D:7      | Found an iron altar of Okawaru.
  9568 | D:7      | Reached skill level 8 in Conjurations
 10549 | D:7      | Found a sacrificial altar of Ru.
 10583 | D:7      | Killed Pikel
 10584 | D:7      | Reached skill level 9 in Conjurations
 10584 | D:7      | Reached XP level 10. HP: 65/69 MP: 6/14
 10852 | D:8      | Found a staircase to the Lair.
 10920 | D:8      | Found a sparkling altar of Nemelex Xobeh.
 11343 | D:8      | Found a shadowy altar of Dithmenos.
 11496 | D:8      | Found a shimmering altar of Xom.
 12467 | D:9      | Noticed Gastronok
 12481 | D:9      | HP: 1/69 [Gastronok/the air (27)]
 13595 | D:9      | Killed Gastronok
 13596 | D:9      | Reached skill level 10 in Conjurations
 13596 | D:9      | Reached skill level 10 in Fire Magic
 13764 | D:10     | Entered Level 10 of the Dungeon
 13791 | D:10     | Reached XP level 11. HP: 15/74 MP: 0/17
 14103 | D:10     | Reached skill level 1 in Fighting
 14103 | D:10     | Reached skill level 11 in Conjurations
 14121 | D:10     | Slain by a shadow

Illustrated notes

Levels and vault maps discovered:
D:1:      dpeg_arrival_subterranean_lakeside_camping, layout_basic
D:2:      layout_loops_ring
D:3:      layout_rooms
D:4:      layout_rooms, mainiacjoe_overflow_boulevard
D:5:      layout_loops_corners, mainiacjoe_overflow_alcove_1,
          nzn_hepliaklqana_mist_gate, fedhas_altar_4,
          minmay_temple_entry_mini_moons, minmay_crossroads, uniq_eustachio,
          uniq_menkaure, uniq_blork_the_orc
D:6:      layout_layer_cave, mainiacjoe_overflow_alcove_2, gup_sewer_entry_pipe,
          kennysheep_generic_room_7
D:7:      layout_basic, mainiacjoe_overflow_24_doors, nicolae_ru_path_of_blood,
          gammafunk_ghost_icy, uniq_pikel
D:8:      layout_basic, nicolae_overflow_crystal_walls, lemuel_doored_altar,
          overflow_temple_1_default, dpeg_oklobed_lair
D:9:      layout_roguey, nicolae_nh_ransacked_shop, uniq_gastronok
D:10:     layout_stronghold, mainiacjoe_overflow_chevrons,
          nicolae_sif_muna_little_library, serial_undead, serial_undead_c,
          serial_undead_f, serial_undead_c, serial_undead_c, uniq_erica

Skill      XL: |  1  2  3  4  5  6  7  8  9 10 11 |
---------------+----------------------------------+-----
Conjurations   | 2 3 4 5 7 9 10 11 | 11.0
Fire Magic     | 4 5 6 7 8 9 10 | 10.0
Summonings     | 1 3 5 6 7 |  7.9
Spellcasting   | 3 4 |  4.1
Fighting       | 1 |  1.3
Dodging        | |  1.5
Stealth        | |  1.5

Action                     |  1- 3 |  4- 6 |  7- 9 | 10-12 || total
---------------------------+-------+-------+-------+-------++-------
  Melee: Club              |    63 |    49 |     3 |       ||   115
         Rapier            |       |       |    55 |       ||    55
         Punch             |       |       |     2 |       ||     2
         Whip              |       |       |       |    28 ||    28
   Cast: Foxfire           |    95 |    88 |   239 |   129 ||   551
         Scorch            |       |     2 |    38 |    22 ||    62
         Inner Flame       |       |       |     7 |    17 ||    24
 Invoke: Potion Petition   |       |       |     1 |     2 ||     3
    Use: Scroll            |     3 |       |     5 |       ||     8
         Potion            |       |     3 |       |     1 ||     4
 Armour: Robe              |    16 |    18 |    12 |       ||    46
         Leather armour    |       |       |       |    38 ||    38
  Dodge: Dodged            |    81 |    56 |    86 |    38 ||   261

Table legend: (Time is in decaauts)
 A = Elapsed time spent in this place.
 B = Non-inter-level travel time spent in this place.
 C = Inter-level travel time spent in this place.
 D = Time resting spent in this place.
 E = Time spent auto-exploring this place.
 F = Levels seen in this place.
 G = Mean time per level.
                   A        B        C        D        E       F      G
               +--------+--------+--------+--------+--------+-----+--------+
         Total |  14355 |  14095 |    260 |    705 |  11241 |  11 | 1305.0 |
       Dungeon |  12782 |  12522 |    260 |    705 |   9843 |  10 | 1278.2 |
         Sewer |   1573 |   1573 |      0 |      0 |   1398 |   1 | 1573.0 |
               +--------+--------+--------+--------+--------+-----+--------+

Top non-repeatable levels by time:
     D:7: 1945 daAuts
     D:6: 1943 daAuts
     D:9: 1818 daAuts
   Sewer: 1573 daAuts
     D:5: 1429 daAuts
     D:1: 1336 daAuts
     D:8: 1203 daAuts
     D:3: 1069 daAuts
     D:2: 906 daAuts
     D:4: 771 daAuts
    D:10: 357 daAuts
